 Dungeon Crawl Stone Soup version 0.18-a0-455-gc7d4c65 (webtiles) character file.

121 Raultor the Insei (level 5, -1/50 HPs)
             Began as a Naga Monk on Dec 1, 2015.
             Slain by an orc
             ... wielding a +0 whip
              (4 damage)
             ... on level 3 of the Dungeon.
             The game lasted 00:05:38 (2145 turns).

Raultor the Insei (Naga Monk)                       Turns: 2145, Time: 00:05:38

Health: -1/50      AC:  3    Str: 14    XL:     5   Next: 5%
Magic:  5/5        EV: 11    Int: 10    God:
Gold:   61         SH:  0    Dex: 14    Spells: 0 memorised, 4 levels left

rFire  . . .     SeeInvis +       - Unarmed
rCold  . . .     Clarity  .     a - +0 robe
rNeg   . . .     SustAt   .     (no shield)
rPois  +         Gourm    .     (no helmet)
rElec  .         Spirit   .     e - +0 cloak
rCorr  .         Dsmss    .     (no gloves)
rMut   .         Stasis   .     (no barding)
MR     .....                    m - amulet of inaccuracy (curse)
Stlth  ++........               (no ring)
                                (no ring)

@: very slow, not resistant to hostile enchantments, unstealthy
A: see invisible, deformed body, poison resistance, slowness 2, slow metabolism
1, spit poison 2, AC +1
a: Spit Poison


You were on level 3 of the Dungeon.
You were not hungry.

You visited 1 branch of the dungeon, and saw 3 of its levels.

You collected 61 gold pieces.

Inventory:

Armour
 a - a +0 robe (worn)
 e - a +0 cloak (worn)
Jewellery
 m - a cursed amulet of inaccuracy (around neck)
Scrolls
 d - a scroll of enchant weapon
 k - a scroll of fear
 l - a scroll of recharging
Potions
 f - a potion of degeneration {unknown}
 i - a potion of flight {unknown}
Comestibles
 b - 2 bread rations
 c - a meat ration
 g - a beef jerky


   Skills:
 + Level 3.9 Fighting
 + Level 3.0 Dodging
 - Level 3.0 Stealth
 * Level 5.1 Unarmed Combat


You had 4 spell levels left.
You didn't know any spells.

Dungeon Overview and Level Annotations

Branches:
Dungeon (3/15)

Altars:
Ashenzari
Trog


Innate Abilities, Weirdness & Mutations

You cannot wear boots.
Your serpentine skin is tough (AC +1).
You have supernaturally acute eyesight.
Armour fits poorly on your strangely shaped body.
Your system is resistant to poisons.
You cover ground very slowly.
You have a slow metabolism.
You can spit poison.


Message History

The orc closely misses you. The orc hits you with a mace!
The orc completely misses you. The orc hits you with a whip.
You hit the orc.
The orc is almost dead.
The orc barely misses you. The orc closely misses you.
The orc hits you with a mace! The orc barely misses you.
You miss the orc.
The orc is almost dead.
The orc misses you. The orc hits you with a mace.
The orc hits you but does no damage.
You miss the orc.
The orc is almost dead.
The orc hits you with a whip!
* * * LOW HITPOINT WARNING * * *
You closely miss the orc.
The orc is almost dead.
The orc hits you with a flail!
* * * LOW HITPOINT WARNING * * *
The orc hits you with a whip.
You die...

.. .. .....+
....##.#.....#
[............#
.. #......##
#.###$.......
#............
#..##o#......
#..##oo.....?
#...o@o......
#...#...#....
#+#.#.#>#....
#.#.#.# +#+
#.#....
....#... #.#.#
##. #.#.# .#
#.#


You could see 5 orcs.

Vanquished Creatures
  Jessica (D:2)
  2 adders (D:2)
  An ooze (D:1)
  2 worms (D:2)
  A giant gecko (D:1)
  9 bats
  4 giant cockroaches
  5 goblins (D:2)
  5 hobgoblins
  12 jackals
  8 kobolds
  A ball python (D:2)
  3 giant newts (D:1)
  8 rats
62 creatures vanquished.

Notes
Turn   | Place    | Note
--------------------------------------------------------------
     0 | D:1      | Raultor the Naga Monk began the quest for the Orb.
     0 | D:1      | Reached XP level 1. HP: 21/21 MP: 1/1
   106 | D:1      | Found a shattered altar of Ashenzari.
   313 | D:1      | Reached XP level 2. HP: 26/28 MP: 2/2
   681 | D:1      | Reached XP level 3. HP: 31/34 MP: 3/3
  1074 | D:2      | Found a bloodstained altar of Trog.
  1083 | D:2      | Noticed Jessica
  1089 | D:2      | Killed Jessica
  1089 | D:2      | Reached XP level 4. HP: 8/43 MP: 4/4
  1669 | D:2      | Reached skill level 5 in Unarmed Combat
  1850 | D:2      | Reached XP level 5. HP: 45/50 MP: 5/5
  2145 | D:3      | Slain by an orc

Vault maps used:
D:1:      dpeg_arrival_radiant, nicolae_ashenzari_panopticon
D:2:      nicolae_overflow_crystal_walls, uniq_jessica
D:3:      grunt_temple_overflow_holy_war, okawaru_altar_gauntlet_db, uniq_robin

Action                   |  1- 3 |  4- 6 || total
-------------------------+-------+-------++-------
Melee: Unarmed           |    95 |   103 ||   198
 Abil: Spit Poison       |     4 |     5 ||     9
  Use: Scroll            |       |     4 ||     4
 Stab: Sleeping          |     6 |     1 ||     7
  Eat: Chunk             |       |     3 ||     3
